 Dungeon Crawl Stone Soup version 0.27-a0-887-gcab673c142 (webtiles) character file.

Game seed: 12935559453327994624

283 shoop the Magician (level 5, -2/40 HPs)
             Began as a Demigod Hedge Wizard on Apr 3, 2021.
             Slain by a bullfrog (7 damage)
             ... on level 4 of the Dungeon.
             The game lasted 00:08:21 (4405 turns).

shoop the Magician (Demigod Hedge Wizard)           Turns: 4405, Time: 00:08:22

Health: -2/40      AC:  4    Str: 11    XL:     5   Next: 78%
Magic:  12/12      EV: 11    Int: 20    God:
Gold:   106        SH:  0    Dex: 13    Spells: 4/10 levels left

rFire    . . .     SeeInvis .   p - +2 glaive (freeze)
rCold    . . .     Faith    .   (shield currently unavailable)
rNeg     . . .     Spirit   .   k - +0 leather armour
rPois    +         Reflect  .   c - +0 hat
rElec    .         Harm     .   (no cloak)
rCorr    .         Rampage  .   (no gloves)
Will     .....                  h - +0 pair of boots
Stlth    ++........             (no amulet)
HPRegen  0.13/turn              s - ring of poison resistance
MPRegen  0.13/turn              (no ring)

@: no status effects
A: high mp 1, forlorn
a: no special abilities


You were on level 4 of the Dungeon.
You visited 1 branch of the dungeon, and saw 4 of its levels.

You collected 106 gold pieces.

Inventory:

Hand Weapons
 a - a +0 dagger
 e - a +3 hunting sling
 j - a +2 war axe of freezing
 p - a +2 glaive of freezing (weapon)
Missiles
 f - 151 stones
 r - 24 poisoned darts (quivered)
Armour
 b - a +0 robe
 c - a +0 hat (worn)
 h - a +0 pair of boots (worn)
 k - a +0 leather armour (worn)
Jewellery
 s - a ring of poison resistance (left hand)
Wands
 l - a wand of acid (5)
 v - a wand of polymorph (12)
Scrolls
 g - a scroll of enchant armour {unknown}
 i - 3 scrolls of teleportation {unknown}
 m - a scroll of vulnerability {unknown}
 n - 3 scrolls of identify {unknown}
 o - a scroll of holy word {unknown}
Potions
 d - a potion of mutation {unknown}
 q - a potion of invisibility {unknown}
 t - a potion of curing {unknown}
 u - a potion of cancellation {unknown}


   Skills:
 - Level 1.0 Fighting
 - Level 1.0 Throwing
 - Level 1.0 Armour
 - Level 2.0 Dodging
 - Level 2.0 Stealth
 - Level 3.0 Spellcasting
 - Level 3.0 Conjurations
 - Level 0.8 Summonings
 - Level 2.0 Translocations
 + Level 1.6 Air Magic
 + Level 1.6 Poison Magic
 - Level 1.0 Evocations


You had 4 spell levels left.
You knew the following spells:

 Your Spells              Type           Power      Damage    Failure   Level
a - Magic Dart            Conj           60%        1d6       5%          1
b - Blink                 Tloc           N/A        N/A       12%         2
c - Mephitic Cloud        Conj/Pois/Air  11%        N/A       24%         3

Your spell library contained the following spells:

 Spells                   Type           Power      Damage    Failure   Level
 Call Imp                 Summ           6%         N/A       21%         2
 Gell's Gravitas          Tloc           5%         N/A       24%         3
 Slow                     Hex            3%         N/A       28%         2
 Conjure Flame            Conj/Fire      9%         6-21      30%         3
 Confusing Touch          Hex            3%         N/A       50%         3
 Petrify                  Tmut/Erth      3%         N/A       88%         4
 Metabolic Englaciation   Hex/Ice        1%         N/A       99%         5
 Yara's Violent Unravell  Hex/Tmut       1%         3d3       99%         5


Dungeon Overview and Level Annotations

Branches:
Dungeon (4/15)
 Temple: D:4-7


Innate Abilities, Weirdness & Mutations

Your attributes grow dramatically as you level up.
You have an increased reservoir of magic. (+10% MP)
You shall have no god before yourself.


Message History

You slash the phantom!
The phantom is severely damaged.
The phantom hits you but does no damage. x2
You slash the phantom!
You destroy the phantom!
Your Air Magic skill increases to level 1!
Your Poison Magic skill increases to level 1!
Found 11 gold pieces.
Found a whip.
You hear the rapid rusting of a distant drain.
A bullfrog comes into view.
The bullfrog gives a loud, deep croak!
Casting: Magic Dart (safe; 5% risk of failure)
Confirm with . or Enter, or press ? or * to list all spells.
Aiming: Magic Dart (safe; 5% risk of failure)
Press: ? - help, Shift-Dir - straight line, f - bullfrog
Aim: a bullfrog (0% to evade)
The magic dart hits the bullfrog.
The bullfrog is lightly wounded.
You barely miss the bullfrog.
The bullfrog is lightly wounded.
The bullfrog hits you but does no damage.
The bullfrog hits you. x2
You are too injured to fight recklessly!
You completely miss the bullfrog.
The bullfrog is lightly wounded.
The bullfrog hits you but does no damage.
The bullfrog hits you.
You closely miss the bullfrog.
The bullfrog is lightly wounded.
The bullfrog barely misses you. The bullfrog hits you.
The bullfrog closely misses you.
You closely miss the bullfrog.
The bullfrog is lightly wounded.
The bullfrog hits you.
* * * LOW HITPOINT WARNING * * *
The bullfrog hits you.
* * * LOW HITPOINT WARNING * * *
The bullfrog hits you!
You die...

#$..........#
#......##...##
# #...##.#.#.#
#. #.#.....#.#
#.###.##.###.#
#.....###...##
#####.#.#.#
#####
........#.#
......F@..#
......#####
######


You could see a bullfrog.

Vanquished Creatures
  A phantom (D:4)
  A scorpion (D:4)
  An orc wizard (D:4)
  4 adders
  An adder skeleton (D:4)
  2 worms
  A dart slug (D:4)
  4 orcs
  10 endoplasms
  2 giant cockroaches
  3 goblins
  11 hobgoblins
  4 jackals (D:1)
  4 kobolds
  2 quokkas
  3 ball pythons
  7 bats
  6 frilled lizards
  3 rats
70 creatures vanquished.

Vanquished Creatures (others)
  2 plants (D:2)
2 creatures vanquished.

Grand Total: 72 creatures vanquished

Notes
Turn   | Place    | Note
-------+----------+-------------------------------------------
     0 | D:1      | shoop the Demigod Hedge Wizard began the quest for the Orb.
     0 | D:1      | Reached XP level 1. HP: 14/14 MP: 6/6
   120 | D:1      | Reached skill level 1 in Conjurations
   205 | D:1      | Reached XP level 2. HP: 13/20 MP: 0/8
  1375 | D:1      | Reached XP level 3. HP: 26/26 MP: 6/10
  1664 | D:1      | Learned a level 2 spell: Blink
  2802 | D:3      | Reached XP level 4. HP: 33/33 MP: 6/11
  3244 | D:3      | Reached skill level 1 in Armour
  3451 | D:3      | Reached skill level 1 in Evocations
  3560 | D:3      | Reached skill level 1 in Translocations
  4022 | D:4      | Reached skill level 1 in Throwing
  4022 | D:4      | Reached skill level 1 in Fighting
  4022 | D:4      | Reached XP level 5. HP: 27/40 MP: 8/12
  4026 | D:4      | Learned a level 3 spell: Mephitic Cloud
  4377 | D:4      | Reached skill level 1 in Air Magic
  4377 | D:4      | Reached skill level 1 in Poison Magic
  4405 | D:4      | Slain by a bullfrog

Illustrated notes

Levels and vault maps discovered:
D:1:      lightli_arrival_farm, layout_basic, basic_ecumenical_altar,
          minmay_cut_off
D:2:      layout_basic, basic_altar, serial_bayou_crossing
D:3:      layout_loops_ring, led_sif_pool
D:4:      layout_loops_ring, nicolae_overflow_crystal_walls,
          portal_sewer_entry_f

Skill      XL: |  1  2  3  4  5 |
---------------+----------------+-----
Conjurations   | 1 2 3 |  3.0
Dodging        | 2 |  2.0
Stealth        | 2 |  2.0
Spellcasting   | 3 |  3.0
Armour         | 1 |  1.0
Evocations     | 1 |  1.0
Translocations | 2 |  2.0
Throwing       | 1 |  1.0
Fighting       | 1 |  1.0
Air Magic      | 1 |  1.6
Poison Magic   | 1 |  1.6
Summonings     | |  0.8

Action                   |  1- 3 |  4- 6 || total
-------------------------+-------+-------++-------
Melee: Dagger            |    31 |       ||    31
       War axe           |     7 |     1 ||     8
       Glaive            |       |    22 ||    22
Throw: Dart              |       |     2 ||     2
 Cast: Magic Dart        |   126 |    61 ||   187
Armor: Robe              |     9 |       ||     9
       Leather armour    |     1 |     6 ||     7
Dodge: Dodged            |    35 |    15 ||    50

Table legend: (Time is in decaauts)
 A = Elapsed time spent in this place.
 B = Non-inter-level travel time spent in this place.
 C = Inter-level travel time spent in this place.
 D = Time resting spent in this place.
 E = Time spent auto-exploring this place.
 F = Levels seen in this place.
 G = Mean time per level.
                   A        B        C        D        E       F      G
               +--------+--------+--------+--------+--------+-----+--------+
         Total |   4453 |   4367 |     86 |    111 |   3668 |   4 | 1113.2 |
       Dungeon |   4453 |   4367 |     86 |    111 |   3668 |   4 | 1113.2 |
               +--------+--------+--------+--------+--------+-----+--------+

Top non-repeatable levels by time:
     D:1: 1698 daAuts
     D:2: 1109 daAuts
     D:3: 1026 daAuts
     D:4: 618 daAuts
